Map: [ESL] Inside and Out

Players

LiquidElazer (Elazer) - Winner!

  • Race: Zerg Zerg
  • Spawn Location: 1:00

Zoun

  • Race: Protoss Protoss
  • Spawn Location: 7:00

Event: TSL 9

VOD

Have the link to the VOD?

Description

Time

  • Played on: Aug. 6, 2022, 10:59 a.m.
  • Length: 11:24

All games in this series

Show
View Real Time Build Order
Export as new Build Order

LiquidElazer Zerg - Winner!

Build Orders: Hatch First 

Get SALT Encoding   

  12  0:00  Drone  
  13  0:12  Overlord  
  13  0:17  Drone  
  14  0:31  Drone x2  
  16  0:49  Hatchery  
  15  0:51  Drone  
  15  0:55  Drone  
  17  0:58  Drone  
  18  1:09  Extractor  
  17  1:14  Spawning Pool  
  17  1:18  Drone  
  17  1:20  Drone  
  18  1:28  Drone  
  19  1:39  Drone  
  20  1:49  Overlord  
  20  2:01  Queen x2  
  20  2:02  Zergling x2  
  20  2:03  Drone  
  26  2:11  Drone  
  26  2:12  Metabolic Boost, Drone  
  28  2:22  Drone  
  29  2:24  Drone  
  30  2:33  Drone  
  30  2:34  Drone  
  32  2:38  Queen  
  34  2:44  Overlord  
  34  2:45  Zergling x2  
  35  2:53  Hatchery  
  34  2:59  Zergling x2  
  34  3:00  Zergling x2  
  34  3:02  Queen  
  38  3:10  Drone x3  
  38  3:12  Drone  
  42  3:15  Overlord  
  42  3:19  Overlord  
  40  3:27  Drone x2  
  40  3:32  Queen  
  42  3:39  Queen  
  42  3:40  Spore Crawler  
  43  3:41  Drone  
  43  3:43  Drone  
  43  3:47  Drone x3  
  48  3:53  Drone x4  
  52  3:59  Drone x2  
  54  4:04  Drone  
  54  4:08  Queen  
  57  4:11  Queen  
  57  4:12  Overlord  
  59  4:18  Drone  
  59  4:19  Drone x2  
  59  4:24  Drone x4  
  66  4:26  Overlord  
  66  4:30  Overlord  
  66  4:31  Overlord  
  66  4:38  Extractor  
  65  4:41  Roach Warren  
  64  4:46  Drone x7  
  71  4:56  Overlord  
  71  4:57  Drone x7  
  75  5:00  Drone  
  75  5:03  Drone x2  
  78  5:11  Extractor, Evolution Chamber  
  78  5:12  Drone x4  
  78  5:13  Drone  
  81  5:20  Overlord  
  81  5:24  Extractor  
  81  5:26  Hatchery  
  78  5:31  Zergling x12  
  84  5:36  Zerg Melee Weapons Level 1  
  84  5:37  Lair, Zergling x8  
  84  5:38  Zergling x4  
  84  5:39  Overlord  
  84  5:41  Overlord  
  90  5:46  Extractor  
  89  5:51  Drone x3  
  92  5:58  Overlord  
  92  6:04  Zergling x14  
  97  6:09  Baneling Nest  
  97  6:10  Drone x4  
  102  6:17  Drone x3  
  103  6:23  Overlord  
  103  6:25  Roach x3  
  106  6:28  Roach  
  105  6:36  Roach x7  
  116  6:41  Roach  
  116  6:42  Queen x2, Roach x3  
  120  6:55  Drone x6  
  124  7:02  Drone x3  
  124  7:06  Glial Reconstitution  
  124  7:11  Drone x6  
  124  7:25  Drone  
  124  7:26  Drone x2  
  124  7:29  Roach x5  
  129  7:38  Roach x3  
  129  7:39  Zerg Melee Weapons Level 2  
  129  7:42  Overlord  
  133  7:49  Overlord  
  133  7:52  Centrifugal Hooks  
  133  7:54  Drone x3  
  133  7:57  Spore Crawler  
  135  7:59  Drone  
  135  8:00  Overlord x3  
  135  8:01  Drone, Hatchery  
  138  8:05  Ravager x2  
  138  8:09  Roach x7  
  138  8:10  Hatchery  
  151  8:22  Drone x2, Overlord  
  151  8:23  Drone x3  
  156  8:27  Roach x6  
  168  8:40  Overlord x2  
  168  8:41  Zergling x2  
  168  8:42  Zergling x14  
  175  9:07  Zergling x28  
  189  9:10  Baneling x16  
  189  9:14  Zergling x10  
  194  9:28  Drone x3  
  183  9:32  Drone  
  183  9:35  Infestation Pit  
  177  9:39  Roach x7  
  177  9:40  Roach x5  
  191  9:48  Roach x6  
  191  9:49  Roach  
  186  9:58  Roach x7  
  199  10:04  Zergling x6  
  199  10:05  Zergling x16  
  199  10:11  Hive  
  197  10:28  Baneling x6  
  191  10:30  Zergling x16  
  191  10:33  Baneling x8  
  191  10:34  Baneling x6  
  169  10:50  Roach x10  
  169  10:51  Roach x7  
  169  10:56  Roach x3  
  194  10:59  Roach  
  194  11:00  Roach x3  
  194  11:03  Roach  
Show
View Real Time Build Order
Export as new Build Order

Zoun Protoss 

Build Orders: 1 Gate Expand, Oracle Opening, Zealot Archon, Archon Drop 

Get SALT Encoding   

  12  0:00  Probe  
  13  0:12  Probe  
  14  0:19  Pylon  
  14  0:24  Probe  
  15  0:37  Probe (Chrono Boost)  
  15  0:39  Gateway  
  16  0:46  Probe (Chrono Boost)  
  16  0:48  Assimilator  
  17  0:51  Probe (Chrono Boost)  
  18  1:03  Probe  
  19  1:15  Probe  
  20  1:26  Nexus  
  20  1:38  Cybernetics Core  
  20  1:39  Probe  
  21  1:46  Assimilator  
  21  1:51  Probe  
  22  1:55  Pylon  
  22  2:03  Probe  
  23  2:11  Adept (Chrono Boost)  
  25  2:15  Probe  
  25  2:18  Stargate  
  26  2:26  Warp Gate  
  26  2:27  Probe  
  27  2:32  Adept (Chrono Boost)  
  29  2:41  Probe (Chrono Boost)  
  31  2:46  Probe (Chrono Boost)  
  31  2:50  Probe (Chrono Boost)  
  32  2:54  Probe (Chrono Boost)  
  33  2:58  Adept  
  33  3:00  Probe  
  36  3:05  Oracle (Chrono Boost)  
  36  3:09  Probe  
  36  3:12  Probe  
  41  3:18  Pylon  
  41  3:21  Probe  
  41  3:24  Probe  
  43  3:33  Probe  
  42  3:36  Probe  
  42  3:37  Gateway  
  47  3:45  Void Ray (Chrono Boost)  
  47  3:49  Probe x2  
  49  3:56  Nexus  
  49  3:59  Pylon  
  49  4:05  Probe  
  49  4:08  Probe  
  49  4:09  Robotics Facility  
  51  4:18  Probe  
  51  4:19  Assimilator  
  51  4:20  Probe  
  51  4:23  Assimilator  
  53  4:26  Twilight Council  
  53  4:29  Shield Battery  
  53  4:30  Probe  
  54  4:32  Probe  
  54  4:37  Gateway  
  55  4:39  Gateway  
  55  4:44  Probe  
  55  4:45  Probe  
  57  4:56  Probe  
  57  4:57  Charge (Chrono Boost), Probe  
  57  4:58  Warp Prism (Chrono Boost)  
  59  5:06  Templar Archives  
  61  5:08  Probe x2  
  61  5:09  Probe  
  64  5:17  Gateway  
  64  5:18  Gateway  
  64  5:20  Probe  
  65  5:22  Probe  
  65  5:23  Probe  
  67  5:32  Probe  
  67  5:35  Probe x2  
  70  5:36  Pylon  
  70  5:41  Pylon  
  70  5:44  Probe, Pylon  
  70  5:47  Probe x2  
  73  5:50  High Templar x2  
  73  5:54  High Templar, Assimilator  
  73  5:55  High Templar  
  73  5:56  Archon, Probe  
  82  5:59  Archon, Probe x2, Assimilator  
  82  6:03  Pylon  
  84  6:08  Robotics Bay, Probe  
  86  6:11  Probe x2  
  86  6:13  Pylon  
  86  6:20  Probe  
  86  6:23  Probe x2  
  86  6:24  Zealot x4  
  90  6:27  Zealot  
  90  6:28  Zealot  
  94  6:33  Probe  
  94  6:38  Immortal (Chrono Boost)  
  94  6:39  Probe x2  
  99  6:45  Zealot  
  100  6:51  Pylon x2  
  100  6:52  Zealot x3  
  100  6:53  Zealot  
  95  7:00  Probe x2 (Chrono Boost)  
  95  7:01  Probe (Chrono Boost)  
  92  7:02  Zealot  
  83  7:12  Disruptor (Chrono Boost), Probe (Chrono Boost)  
  83  7:13  Probe x2 (Chrono Boost)  
  83  7:15  Zealot  
  90  7:20  Probe (Chrono Boost)  
  90  7:21  Probe x2 (Chrono Boost)  
  93  7:26  Probe  
  93  7:27  Probe x2  
  93  7:29  Zealot x3  
  98  7:38  Probe  
  98  7:40  Zealot  
  98  7:42  Probe  
  97  7:44  Probe  
  97  7:48  Disruptor (Chrono Boost)  
  97  7:50  Probe  
  102  7:54  Probe  
  102  7:56  Probe, High Templar x2  
  102  7:57  High Templar x2  
  112  8:00  Zealot  
  112  8:01  Archon  
  112  8:02  Archon  
  114  8:05  Gateway  
  114  8:09  Gateway, Probe x3  
  117  8:16  Gateway x2  
  117  8:17  Pylon  
  117  8:19  Pylon  
  117  8:23  Forge  
  117  8:27  Pylon  
  117  8:29  Pylon  
  117  8:36  Observer (Chrono Boost)  
  117  8:37  Sentry x3  
  117  8:38  High Templar x2  
  117  8:40  Zealot  
  130  8:43  Archon, Gateway  
  130  8:53  Pylon x2  
  130  8:54  Disruptor (Chrono Boost)  
  133  9:02  High Templar x2  
  137  9:06  Shield Battery  
  137  9:07  Archon  
  137  9:08  High Templar x2  
  137  9:09  Nexus  
  135  9:11  Pylon  
  135  9:13  Archon  
  135  9:14  Zealot x5  
  143  9:25  Pylon  
  143  9:26  Disruptor (Chrono Boost)  
  142  9:32  Zealot  
  142  9:37  Zealot  
  142  9:38  Zealot x5  
  156  9:42  Zealot  
  146  9:53  Observer  
  146  9:56  Disruptor (Chrono Boost), Stalker  
  146  9:57  Stalker x3  
  148  10:01  Probe  
  111  10:18  High Templar x2  
  113  10:23  Archon  
  101  10:43  Zealot  
  101  10:44  Zealot x2  
  91  10:53  Zealot x2  
Tags
 
Add a new tag
Caveats
  • Supply blocks, unpowered buildings, or Contaminate may cause inaccurate times.
  • Supply counts are checked every 10 seconds.